 Dungeon Crawl Stone Soup version 0.30.0-10-gfe55d96785 (webtiles) character file.

Game seed: 5188793934882467333

464 ShnitzelX3 the Digger (level 7, -7/47 HPs)
             Began as a Barachi Earth Elementalist on May 13, 2023.
             Killed by divine providence
             ... invoked by an orc priest
              (11 damage)
             ... on level 4 of the Dungeon.
             The game lasted 00:12:52 (3938 turns).

ShnitzelX3 the Digger (Barachi Earth Elementalist)  Turns: 3938, Time: 00:12:52

Health: -7/47      AC:  4    Str:  9    XL:     7   Next: 8%
Magic:  4/11       EV: 13    Int: 17    God:
Gold:   151        SH:  0    Dex: 13    Spells: 8/12 levels left

rFire   . . .        b - staff of conjuration
rCold   . . .        (no shield)
rNeg    + + .        c - +0 robe
rPois   .            p - +0 helmet
rElec   .            e - +0 cloak
rCorr   .            (no gloves)
SInv    .            (no boots)
Will    .....        (no amulet)
Stlth   ++           j - ring of positive energy
HPRegen 0.27/turn    n - ring of positive energy
MPRegen 0.12/turn

%: no passive effects
@: unable to hop, slow
A: amphibious, slowness 1, strong legs 1, +LOS
a: Hop


You were on level 4 of the Dungeon.
You visited 1 branch of the dungeon, and saw 4 of its levels.

You collected 151 gold pieces.

Inventory:

Hand Weapons
 a - a +0 dagger
Missiles
 i - 2 throwing nets
 q - 6 poisoned darts
Armour
 c - a +0 robe (worn)
 e - a +0 cloak (worn)
 p - a +0 helmet (worn)
Magical Staves
 b - a staff of conjuration (weapon)
Jewellery
 j - a ring of positive energy (left hand)
 n - a ring of positive energy (right hand)
Wands
 o - a wand of digging (6)
Scrolls
 l - a scroll of fear {unknown}
 m - 2 scrolls of immolation
Potions
 d - 2 potions of magic
 f - a potion of flight {unknown}
 g - a potion of lignification {unknown}
 h - a potion of might {unknown}


   Skills:
 + Level 0.5 Fighting
 + Level 3.6 Dodging
 + Level 3.1 Stealth
 + Level 3.3 Spellcasting
 * Level 3.7 Conjurations
 - Level 1.1 Transmutations
 * Level 4.9 Earth Magic


You had 8 spell levels left.
You knew the following spells:

 Your Spells              Type           Power      Damage    Failure   Level
a - Sandblast             Erth           38%        2d10      2%          1
b - Stone Arrow           Conj/Erth      52%        3d10      9%          3

Your spell library contained the following spells:

 Spells                   Type           Power      Damage    Failure   Level
 Passwall                 Tmut/Erth      10%        N/A       8%          2
 Beastly Appendage        Tmut           12%        N/A       11%         1
 Wereblood                Tmut           6%         N/A       16%         2
 Necrotise                Necr           8%         1d4       17%         1
 Cigotuvi's Dreadful Rot  Necr/Pois/Air  4%         N/A       26%         2
 Spider Form              Tmut/Pois      4%         N/A       38%         3
 Ignite Poison            Fire/Tmut/Pois 4%         N/A       41%         3
 Petrify                  Tmut/Erth      13%        N/A       43%         4
 Vampiric Draining        Necr           2%         2d6       45%         3
 Freezing Cloud           Conj/Ice/Air   5%         6-21      95%         5
 Agony                    Necr           2%         N/A       99%         5


Dungeon Overview and Level Annotations

Branches:
Dungeon (4/15)
 Temple: D:4-7

Altars:
Yredelemnul

Annotations:
D:3 3 runed translucent doors, SnakkuSnakku7's ghost, amateur VSFE
D:4 1 runed translucent door, wolfgangpup's ghost, amateur DECj


Innate Abilities, Weirdness & Mutations

You are amphibious.
You cover ground slowly.
You can hop short distances.
You have an extended range of vision and can be seen from far away.


Message History

An orc priest comes into view. It is wielding a +0 club.
Boing!
The orc shouts!
Unknown command.
Okay, then.
Unknown command.
Okay, then.
Unknown command.
Unknown command.
Unknown command.
The orc priest shouts!
The orc shouts!
The orc priest shouts!
The orc barely misses you.
The orc hits you with a +1 mace of protection.
The orc priest calls down the wrath of Beogh upon you.
Beogh smites you!
Okay, then.
Unknown command.
The orc priest invokes the aid of Beogh against you.
Beogh smites you!
* * * LOW HITPOINT WARNING * * *
There is an open door here.
Unknown command.
Okay, then.
Unknown command.
As you read the scroll of fog, it crumbles to dust.
The scroll dissolves into smoke.
The orc barely misses you. The orc hits you but does no damage.
The orc attacks as you move away! The orc hits you with a +0 dagger.
* * * LOW HITPOINT WARNING * * *
The orc barely misses you.
Unknown command.
The orc attacks as you move away!
The orc hits you with a +1 mace of protection.
* * * LOW HITPOINT WARNING * * *
The orc barely misses you. The orc hits you with a +0 dagger.
* * * LOW HITPOINT WARNING * * *
The orc priest calls down the wrath of Beogh upon you.
Beogh smites you!
You die...

............o.oo.......#####
.........###§###########...#
.........'§§§§§............#
.........#§§§§§............#
.........#§§o§§§...........#
....######§o§§.............#
#....#.§.##...##..####+#
#....#ooo#######..##
#....#.@..#....#...#
#...##.<..#....#...#
#.......#...##....#....#...#
#.......#....#....#....#...#
#.......#....#....'....'...#....
#.......#....'...########### ...
#>......######...#....... ..
#.......#...##...#...... .
#.......#....'...#..... .


You could see an orc priest and 4 orcs.

Vanquished Creatures
  A kobold brigand (D:4)
  A scorpion (D:4)
  2 hounds (D:4)
  A sleepcap (D:4)
  An orc wizard (D:3)
  A scorpion zombie (D:3)
  4 gnolls (D:3)
  8 adders
  A worm (D:2)
  5 orcs
  5 bats
  5 endoplasms
  A giant cockroach (D:2)
  12 hobgoblins
  3 jackals
  A quokka (D:1)
  8 ball pythons
  4 frilled lizards
  9 goblins
  4 kobolds
  A quokka zombie (D:3)
  6 rats
84 creatures vanquished.

Notes
Turn   | Place    | Note
-------+----------+-------------------------------------------
     0 | D:1      | ShnitzelX3 the Barachi Earth Elementalist began the quest
                  | for the Orb.
     0 | D:1      | Reached XP level 1. HP: 13/13 MP: 3/3
   294 | D:1      | Reached XP level 2. HP: 19/19 MP: 3/5
   527 | D:1      | Reached skill level 1 in Conjurations
   945 | D:3      | Reached XP level 3. HP: 24/24 MP: 4/6
  1095 | D:2      | Learned a level 3 spell: Stone Arrow
  1276 | D:2      | Reached XP level 4. HP: 30/30 MP: 4/7
  2054 | D:3      | Found a faded altar of an unknown god.
  2116 | D:3      | Reached skill level 4 in Earth Magic
  2116 | D:3      | Reached XP level 5. HP: 35/35 MP: 2/9
  2663 | D:3      | Found a runed translucent gate.
  2663 | D:3      | Found a runed translucent gate.
  2663 | D:3      | Found a runed translucent gate.
  2663 | D:3      | Noticed SnakkuSnakku7's ghost (amateur VSFE)
  2665 | D:3      | Found a basalt altar of Yredelemnul.
  2996 | D:4      | Reached XP level 6. HP: 30/41 MP: 1/10
  3433 | D:4      | Found a runed translucent door.
  3750 | D:4      | Reached XP level 7. HP: 47/47 MP: 3/11
  3764 | D:4      | Noticed wolfgangpup's ghost (amateur DECj)
  3938 | D:4      | Killed from afar by an orc priest

Illustrated notes

Levels and vault maps discovered:
D:1:      minmay_arrival_shattered_statue, layout_basic, dk_noncrumbling_3
D:2:      layout_loops_ring, grunt_ministairs_15
D:3:      layout_rooms, nicolae_yredelemnul_ghost_church,
          chequers_ecumenical_altar_lobes, kennysheep_doodads, hex_tiny
D:4:      layout_gridville, ebering_ghost_reflecting_pool, minmay_joined_circles

Skill      XL: |  1  2  3  4  5  6 |
---------------+-------------------+-----
Stealth        | 2 3 |  3.1
Conjurations   | 1 2 3 |  3.7
Dodging        | 3 |  3.6
Earth Magic    | 4 |  4.9
Spellcasting   | 3 |  3.3
Fighting       | |  0.5
Transmutations | |  1.1

Action                     |  1- 3 |  4- 6 |  7- 9 || total
---------------------------+-------+-------+-------++-------
  Melee: Dagger            |     3 |       |       ||     3
         Staff             |     7 |    17 |     5 ||    29
   Cast: Sandblast         |    49 |    61 |     4 ||   114
         Stone Arrow       |       |    22 |     2 ||    24
Ability: Hop               |     1 |     4 |     1 ||     6
    Use: Scroll            |       |     4 |     1 ||     5
   Stab: Sleeping          |       |     1 |       ||     1
 Armour: Robe              |     3 |    16 |     2 ||    21
  Dodge: Dodged            |    33 |    55 |    11 ||    99
